 Dungeon Crawl Stone Soup version 0.18-a0-750-g37044d6 (webtiles) character file.

170 MrRokkomies the Ruffian (level 5, -1/52 HPs)
             Began as a Troll Artificer on Dec 12, 2015.
             Slain by a gnoll
             ... wielding a +0 halberd
              (15 damage)
             ... on level 3 of the Dungeon.
             The game lasted 00:07:23 (1832 turns).

MrRokkomies the Ruffian (Troll Artificer)           Turns: 1832, Time: 00:07:23

Health: -1/52      AC:  7    Str: 19    XL:     5   Next: 25%
Magic:  5/5        EV: 10    Int:  8    God:
Gold:   68         SH:  0    Dex: 15    Spells: 0 memorised, 4 levels left

rFire  . . .     SeeInvis .       - Unarmed
rCold  . . .     Clarity  .     b - +0 robe
rNeg   . . .     SustAt   .     (no shield)
rPois  .         Gourm    +     (helmet restricted)
rElec  .         Spirit   .     a - +1 cloak
rCorr  +         Dismiss  .     (gloves unavailable)
rMut   .         Stasis   .     (boots unavailable)
MR     .....                    g - amulet of resist corrosion
Stlth  +.........               (no ring)
                                t - +4 ring of dexterity

@: not resistant to hostile enchantments, very unstealthy
A: unfitting armour, claws 3, fast metabolism 3, gourmand, regeneration 2,
shaggy fur 1, tough skin 2
a: no special abilities


You were on level 3 of the Dungeon.
You were full.

You visited 1 branch of the dungeon, and saw 3 of its levels.

You collected 68 gold pieces.

Inventory:

Missiles
 l - 47 stones (quivered)
 n - 2 needles of confusion
Armour
 a - a +1 cloak (worn)
 b - a +0 robe (worn)
Jewellery
 g - an amulet of resist corrosion (around neck)
 t - a +4 ring of dexterity (left claw)
Wands
 c - a wand of flame (15)
 d - a wand of enslavement (15)
 e - a wand of random effects (14)
 k - a wand of slowing (20)
Scrolls
 h - 3 scrolls of remove curse
 s - a scroll of teleportation {unknown}
Potions
 j - 3 potions of curing
 m - a potion of heal wounds
 o - a potion of brilliance {unknown}
 p - a potion of haste {unknown}
 q - a potion of agility {unknown}
 r - a potion of invisibility {unknown}
Comestibles
 f - 3 bread rations
 i - 3 royal jellies


   Skills:
 * Level 2.9 Fighting
   Level 0.7 Short Blades
 - Level 1.5 Dodging
 - Level 0.4 Stealth
 * Level 3.5 Unarmed Combat
 - Level 2.1 Evocations


You had 4 spell levels left.
You didn't know any spells.

Dungeon Overview and Level Annotations

Branches:
Dungeon (3/15)

Altars:
Okawaru

Annotations:
D:3 AlfredTheGreat's ghost, amateur DrBe


Innate Abilities, Weirdness & Mutations

You are too large for most types of armour.
You have claws for hands.
Your metabolism is lightning-fast.
You like to eat raw meat.
You heal very quickly.
You are covered in fur (AC +1).
You have very tough skin (AC +2).


Message History

You scratch the gnoll.
The gnoll is heavily wounded.
The gnoll hits you from afar with a halberd.
* * * LOW HITPOINT WARNING * * *
You closely miss the gnoll.
The gnoll is heavily wounded.
The gnoll hits you with a club.
* * * LOW HITPOINT WARNING * * *
The gnoll closely misses you.
You claw the gnoll!
You kill the gnoll!
The gnoll barely misses you. The gnoll closely misses you.
Things that are here:
a club; a gnoll corpse You barely miss the gnoll.
You scratch the gnoll.
The gnoll is moderately wounded.
The gnoll hits you with a halberd!
You die...

......!.........#.........
..........##.#.###..##....
###...######.#.#....##....
#.. #....###.###### #.
####.# #.# # .# #.# ###
#.###### #. #.. ..#...g.#
# #.##. #@# ###.#.
#.#.###### ....##
#.......# #....##
#.#.####.# #.....# #.##.#
#.# #.w# #.. .#!###.#
##.##..# ... ## ##.#.#
.....<.# ##. ##....#
##.###.## #. ##.....##


You could see a gnoll.

Vanquished Creatures
  Jessica (D:2)
  Ijyb (D:2)
  2 gnolls (D:3)
  5 adders
  An ooze (D:2)
  A worm (D:2)
  A ball python (D:3)
  2 giant cockroaches
  9 goblins
  6 hobgoblins
  7 jackals
  3 kobolds
  3 bats
  6 rats
48 creatures vanquished.

Notes
Turn   | Place    | Note
--------------------------------------------------------------
     0 | D:1      | MrRokkomies the Troll Artificer began the quest for the Orb.
     0 | D:1      | Reached XP level 1. HP: 18/18 MP: 1/1
    39 | D:1      | Reached skill level 1 in Fighting
   144 | D:1      | Reached skill level 1 in Unarmed Combat
   253 | D:1      | Reached XP level 2. HP: 27/27 MP: 2/2
   945 | D:2      | Reached XP level 3. HP: 23/35 MP: 3/3
   998 | D:2      | Noticed Jessica
  1012 | D:2      | Killed Jessica
  1050 | D:2      | Reached XP level 4. HP: 42/42 MP: 4/4
  1182 | D:2      | Found an iron altar of Okawaru.
  1282 | D:2      | Noticed Ijyb
  1301 | D:2      | Killed Ijyb
  1301 | D:2      | Reached skill level 3 in Unarmed Combat
  1485 | D:3      | Noticed AlfredTheGreat's ghost (amateur DrBe)
  1514 | D:3      | Reached XP level 5. HP: 50/50 MP: 5/5
  1832 | D:3      | Slain by a gnoll

Vault maps used:
D:1:      dpeg_arrival_subterranean_lakeside_camping
D:2:      okawaru_gym_becter, uniq_iyjb, uniq_jessica
D:3:      first_bread

Action                   |  1- 3 |  4- 6 || total
-------------------------+-------+-------++-------
Melee: Unarmed           |    81 |   117 ||   198
Throw: Stone             |       |     4 ||     4
Evoke: Wand              |     1 |       ||     1
  Use: Scroll            |     5 |     2 ||     7
       Potion            |     1 |       ||     1
 Stab: Sleeping          |       |     1 ||     1
  Eat: Chunk             |     7 |    12 ||    19
